[Event "15th Governor Cup 2019"]
[Site "Khanty-Mansiysk"]
[Date "2019.11.22"]
[Round "6.22"]
[White "Kochukova, Anna"]
[Black "Voskresenskaya, Marta"]
[Result "1/2-1/2"]
[ECO "B19"]
[WhiteElo "2117"]
[BlackElo "1859"]
[Annotator "ChessBase"]
[PlyCount "237"]
[EventDate "2019.11.19"]
[EventType "swiss"]
[EventCountry "RUS"]
[SourceTitle "playchess.com"]
[Source "ChessBase"]
[SourceQuality "1"]
[TimeControl "5400+30"]

1. e4 c6 2. d4 d5 3. Nd2 dxe4 4. Nxe4 Bf5 5. Ng3 Bg6 6. h4 h6 7. Nf3 Nd7 8. h5 Bh7 9. Bd3 Bxd3 10. Qxd3 e6 11. Bd2 Ngf6 12. O-O-O Be7 13. Kb1 O-O 14. Ne4 Nxe4 15. Qxe4 Nf6 16. Qe2 Qd5 17. Ne5 Qe4 18. Qxe4 Nxe4 19. Be1 Rad8 20. f3 Nf6 21. Bf2 Nd7 22. Nd3 a6 23. g4 Rde8 24. Rhg1 f5 25. Bg3 fxg4 26. fxg4 Bf6 27. Nf4 e5 28. Ng6 Rf7 29. d5 cxd5 30. Rxd5 e4 31. Re1 Nf8 32. Nxf8 Kxf8 33. c3 Bg5 34. Kc2 Rf3 35. Bd6+ Kg8 36. Re2 Rf1 37. Rd4 e3 38. Bc5 Re6 39. Rb4 b5 40. a4 bxa4 41. Rxa4 Rg1 42. Rd4 Kh7 43. b4 Ra1 44. Kb2 Rf1 45. Kc2 Ref6 46. Rd1 R6f2 47. Rxf2 Rxf2+ 48. Kd3 e2 49. Re1 Rf3+ 50. Kxe2 Rxc3 51. Ra1 Rc4 52. Rxa6 Rxg4 53. b5 Bd8 54. Rc6 Rg5 55. b6 Bxb6 56. Bxb6 Rxh5 57. Bd4 Rg5 58. Kf3 Rg6 59. Rc7 Rg5 60. Kf4 Kg8 61. Ra7 Kh8 62. Be5 Kg8 63. Ke4 Kh7 64. Kd5 h5 65. Ke4 Rg1 66. Kf5 Rf1+ 67. Kg5 Rg1+ 68. Kxh5 Rh1+ 69. Kg5 Rg1+ 70. Kf5 Rf1+ 71. Ke6 Rg1 72. Rf7 Rg6+ 73. Ke7 Kg8 74. Rf8+ Kh7 75. Rd8 Rg5 76. Bd4 Rg4 77. Rd7 Re4+ 78. Kf7 Rf4+ 79. Ke6 Rg4 80. Rd5 Rh4 81. Bc3 Rh3 82. Bd4 Rh4 83. Be5 Rh1 84. Rd3 Rg1 85. Rf3 Kg8 86. Rh3 Rg6+ 87. Kf5 Rg2 88. Re3 Kh7 89. Bg3 Rg1 90. Bf4 Kg8 91. Bg3 Kh7 92. Kg4 Rb1 93. Re7 Rg1 94. Kh3 Rh1+ 95. Bh2 Rb1 96. Kg2 Rb6 97. Bf4 Rg6+ 98. Kf2 Rf6 99. Kg3 Rg6+ 100. Kf3 Rf6 101. Kg4 Rg6+ 102. Bg5 Rb6 103. Kh5 Rb5 104. Re6 Rb1 105. Kg4 Rg1+ 106. Kf5 Rf1+ 107. Bf4 Rg1 108. Re3 Kg8 109. Bg5 Kh7 110. Rh3+ Kg8 111. Rh2 Rf1+ 112. Kg6 Ra1 113. Rg2 Ra6+ 114. Kh5 Ra5 115. Kg4 Ra4+ 116. Bf4 Kh7 117. Kf3 Ra3+ 118. Be3 Rb3 119. Ke4 1/2-1/2

[Event "15th Governor Cup 2019"]
[Site "Khanty-Mansiysk"]
[Date "2019.11.23"]
[Round "7.1"]
[White "Rakhmanov, Aleksandr"]
[Black "Sakaev, Konstantin"]
[Result "1/2-1/2"]
[ECO "A06"]
[WhiteElo "2638"]
[BlackElo "2595"]
[Annotator "ChessBase"]
[PlyCount "142"]
[EventDate "2019.11.19"]
[EventType "swiss"]
[EventCountry "RUS"]
[SourceTitle "playchess.com"]
[Source "ChessBase"]
[SourceQuality "1"]
[TimeControl "5400+30"]

1. Nf3 d5 2. g3 Nf6 3. Bg2 c5 4. O-O e6 5. d4 cxd4 6. Nxd4 e5 7. Nf3 Nc6 8. c4 d4 9. e3 Be7 10. exd4 exd4 11. Bf4 Be6 12. Re1 O-O 13. Ne5 Rc8 14. Nd2 Nxe5 15. Bxe5 Qd7 16. Ne4 Rfd8 17. Ng5 d3 18. Nxe6 fxe6 19. Bh3 Rc6 20. Bc3 Bc5 21. Qd2 Kh8 22. Kg2 Rd6 23. f3 Qf7 24. Rad1 h6 25. Re5 Bd4 26. Bxd4 Rxd4 27. Bxe6 Qc7 28. Rde1 Re8 29. b3 Rdd8 30. R5e3 Qc5 31. Rxd3 Rxd3 32. Qxd3 Qb6 33. Qf5 Qd6 34. Re2 b6 35. g4 Qd1 36. Rf2 Qe1 37. g5 Rxe6 38. gxf6 Rxf6 39. Qe4 Qd1 40. Qc2 Qd6 41. Rd2 Rg6+ 42. Kh1 Qf6 43. Qd1 Kh7 44. Rd4 Qe5 45. Re4 Qb2 46. Re2 Qc3 47. Qf1 Qd3 48. Re1 Qc3 49. Qe2 Rf6 50. Rf1 Rf4 51. Kg2 Qf6 52. Qd3+ Kh8 53. Re1 Qg5+ 54. Kh1 Rf8 55. Qe4 Qf6 56. Kg2 Qg5+ 57. Kf2 Qd2+ 58. Re2 Qc3 59. Kg2 Qf6 60. Qg4 Qd6 61. Qg3 Qf6 62. Qg4 Qd6 63. Qh5 Kh7 64. Qe5 Qg6+ 65. Kf2 Kh8 66. Qe7 Qf5 67. Re3 Qc2+ 68. Re2 Qf5 69. Qe4 Qh3 70. Ke3 Qh5 71. Kd4 Qh3 1/2-1/2

[Event "15th Governor Cup 2019"]
[Site "Khanty-Mansiysk"]
[Date "2019.11.23"]
[Round "7.2"]
[White "Kokarev, Dmitry"]
[Black "Goganov, Aleksey"]
[Result "1/2-1/2"]
[ECO "C65"]
[WhiteElo "2601"]
[BlackElo "2565"]
[Annotator "ChessBase"]
[PlyCount "113"]
[EventDate "2019.11.19"]
[EventType "swiss"]
[EventCountry "RUS"]
[SourceTitle "playchess.com"]
[Source "ChessBase"]
[SourceQuality "1"]
[TimeControl "5400+30"]

1. e4 e5 2. Nf3 Nc6 3. Bb5 Nf6 4. d3 Bc5 5. Bxc6 dxc6 6. Nbd2 O-O 7. O-O Re8 8. Nc4 Nd7 9. Bd2 f6 10. Nh4 Nb6 11. Ne3 Be6 12. a4 Nc8 13. Kh1 Nd6 14. b4 Bd4 15. c3 Bxe3 16. Bxe3 f5 17. Nxf5 Bxf5 18. exf5 Nxf5 19. a5 Qd5 20. Re1 e4 21. dxe4 Qxe4 22. h3 Nxe3 23. Rxe3 Qc4 24. Qd3 Qxd3 25. Rxd3 Re2 26. Kg1 Rf8 27. f3 Rfe8 28. Rad1 Kf7 29. R1d2 Re1+ 30. Kf2 Rc1 31. Rd4 Re7 32. Rc4 a6 33. h4 Ke8 34. h5 Rh1 35. Rc5 Re6 36. Rd4 Rhe1 37. Rg5 R1e2+ 38. Kg3 g6 39. hxg6 hxg6 40. Rh4 Rd6 41. Rh6 Ree6 42. Kf4 Rf6+ 43. Ke4 b6 44. Rh8+ Kd7 45. Rh7+ Kc8 46. f4 Kb7 47. Re5 Rd1 48. axb6 Kxb6 49. g3 Rfd6 50. Rg7 Rc1 51. Rc5 a5 52. Rxa5 Rxc3 53. Rg5 Re6+ 54. Re5 Rd6 55. Rg5 Re6+ 56. Re5 Rd6 57. Rg5 1/2-1/2

[Event "15th Governor Cup 2019"]
[Site "Khanty-Mansiysk"]
[Date "2019.11.23"]
[Round "7.3"]
[White "Timofeev, Artyom"]
[Black "Bocharov, Dmitry"]
[Result "1/2-1/2"]
[ECO "E51"]
[WhiteElo "2595"]
[BlackElo "2519"]
[Annotator "ChessBase"]
[PlyCount "109"]
[EventDate "2019.11.19"]
[EventType "swiss"]
[EventCountry "RUS"]
[SourceTitle "playchess.com"]
[Source "ChessBase"]
[SourceQuality "1"]
[TimeControl "5400+30"]

1. d4 Nf6 2. c4 e6 3. Nc3 Bb4 4. e3 O-O 5. Nf3 d5 6. Bd2 b6 7. Rc1 Bb7 8. cxd5 exd5 9. Nb5 Bxd2+ 10. Qxd2 c5 11. Be2 a6 12. Nc3 c4 13. Ne5 b5 14. f4 Nc6 15. Bf3 Ne7 16. O-O Ne8 17. Ne2 f6 18. Ng4 Nd6 19. b3 Qd7 20. Ng3 Rac8 21. Rfe1 Rc7 22. bxc4 Nxc4 23. Qe2 Nc8 24. Nf2 Re8 25. Nf1 N8b6 26. Nd3 Na4 27. Qf2 Qd6 28. Bd1 Nab6 29. Bh5 g6 30. Bf3 Rce7 31. f5 Bc8 32. fxg6 hxg6 33. Nf4 g5 34. Nh5 Rf8 35. h4 Rh7 36. Be2 Kh8 37. Nh2 Qe7 38. Bd1 Bd7 39. Nf1 Nc8 40. e4 dxe4 41. Ne3 Nxe3 42. Qxe3 Nd6 43. hxg5 fxg5 44. Rc5 Nc4 45. Qc3 Qf7 46. d5+ Kg8 47. Qg3 e3 48. Qxg5+ Kh8 49. Bf3 Qf5 50. Qxf5 Rxf5 51. Ng3 Re5 52. Ne4 Bf5 53. d6 Rxc5 54. Nxc5 Nxd6 55. Rxe3 1/2-1/2

[Event "15th Governor Cup 2019"]
[Site "Khanty-Mansiysk"]
[Date "2019.11.23"]
[Round "7.4"]
[White "Ponkratov, Pavel"]
[Black "Guseva, Marina"]
[Result "1-0"]
[ECO "B90"]
[WhiteElo "2619"]
[BlackElo "2366"]
[Annotator "ChessBase"]
[PlyCount "115"]
[EventDate "2019.11.19"]
[EventType "swiss"]
[EventCountry "RUS"]
[SourceTitle "playchess.com"]
[Source "ChessBase"]
[SourceQuality "1"]
[TimeControl "5400+30"]

1. e4 c5 2. Nf3 d6 3. d4 cxd4 4. Nxd4 Nf6 5. Nc3 a6 6. a4 e5 7. Nf3 Nc6 8. Bc4 Be7 9. O-O Be6 10. Qe2 O-O 11. Nd5 Bxd5 12. exd5 Nb8 13. a5 Nbd7 14. b4 Nh5 15. Bb3 Bf6 16. Be3 Re8 17. Nd2 g6 18. Nc4 Qe7 19. Ba4 Rab8 20. Rab1 Red8 21. Rfd1 Ng7 22. Bxd7 Rxd7 23. Nb6 Rdd8 24. c4 Bg5 25. Bxg5 Qxg5 26. c5 Ne8 27. Rbc1 Qe7 28. Qc4 Kg7 29. h3 Nf6 30. c6 Qc7 31. Rc2 Re8 32. Rdc1 Re7 33. b5 axb5 34. Qxb5 h5 35. Qb4 Rd8 36. cxb7 Qxb7 37. Rc6 Ne8 38. Qc4 Qb8 39. a6 Ra7 40. Nc8 Ra8 41. Qa4 Qb2 42. Qa5 Rd7 43. Nb6 Rda7 44. Nxa8 Rxa8 45. Rc8 Nf6 46. R8c2 Qd4 47. Ra1 Ra7 48. Qc3 Qe4 49. Qc4 Qf5 50. Rb2 Ne4 51. Qd3 Kf6 52. Qe3 Nc5 53. Rb6 Ke7 54. Rb7+ Rxb7 55. axb7 Nxb7 56. Qa7 Qd7 57. Qb6 Qc8 58. Ra7 1-0

[Event "15th Governor Cup 2019"]
[Site "Khanty-Mansiysk"]
[Date "2019.11.23"]
[Round "7.5"]
[White "Volkov, Sergey"]
[Black "Savitskiy, Sergey"]
[Result "1-0"]
[ECO "D20"]
[WhiteElo "2572"]
[BlackElo "2396"]
[Annotator "ChessBase"]
[PlyCount "65"]
[EventDate "2019.11.19"]
[EventType "swiss"]
[EventCountry "RUS"]
[SourceTitle "playchess.com"]
[Source "ChessBase"]
[SourceQuality "1"]
[TimeControl "5400+30"]

1. d4 d5 2. c4 dxc4 3. e3 e5 4. Bxc4 Nc6 5. Nf3 e4 6. Qb3 Nh6 7. Nfd2 f5 8. Nc3 a6 9. Be2 Bd6 10. Nc4 Nf7 11. Bd2 O-O 12. O-O Kh8 13. Rfd1 Qh4 14. Nxd6 Nxd6 15. Be1 f4 16. exf4 Qxf4 17. Nd5 Qf7 18. Ne3 Qg6 19. Rac1 Bh3 20. Bf1 Rf7 21. Kh1 Bd7 22. Rc5 Re8 23. Qc3 Nf5 24. Nxf5 Bxf5 25. d5 Ne5 26. Rxc7 Rxc7 27. Qxc7 Bg4 28. Ra1 Nd3 29. d6 Qf5 30. h3 e3 31. hxg4 Nxf2+ 32. Bxf2 Qxf2 33. d7 1-0

[Event "15th Governor Cup 2019"]
[Site "Khanty-Mansiysk"]
[Date "2019.11.23"]
[Round "7.6"]
[White "Frolyanov, Dmitry"]
[Black "Lugovskoy, Maxim"]
[Result "1-0"]
[ECO "C03"]
[WhiteElo "2556"]
[BlackElo "2444"]
[Annotator "ChessBase"]
[PlyCount "51"]
[EventDate "2019.11.19"]
[EventType "swiss"]
[EventCountry "RUS"]
[SourceTitle "playchess.com"]
[Source "ChessBase"]
[SourceQuality "1"]
[TimeControl "5400+30"]

1. e4 e6 2. d4 d5 3. Nd2 a6 4. Ngf3 Bd7 5. c4 dxc4 6. Bxc4 b5 7. Bd3 c5 8. O-O cxd4 9. e5 Nc6 10. Ne4 Be7 11. a3 h6 12. Re1 g5 13. h3 Qc7 14. Ng3 Rd8 15. Bd2 Bc8 16. Rc1 Bb7 17. Nh5 Kf8 18. h4 gxh4 19. Nh2 f5 20. exf6 Bd6 21. Nf3 h3 22. Ng7 Qd7 23. Nxe6+ Kf7 24. Bf5 Kxf6 25. Bxh3 Re8 26. Nfxd4 1-0

[Event "15th Governor Cup 2019"]
[Site "Khanty-Mansiysk"]
[Date "2019.11.23"]
[Round "7.7"]
[White "Khanin, Semen"]
[Black "Rozum, Ivan"]
[Result "1/2-1/2"]
[ECO "B13"]
[WhiteElo "2503"]
[BlackElo "2593"]
[Annotator "ChessBase"]
[PlyCount "59"]
[EventDate "2019.11.19"]
[EventType "swiss"]
[EventCountry "RUS"]
[SourceTitle "playchess.com"]
[Source "ChessBase"]
[SourceQuality "1"]
[TimeControl "5400+30"]

1. e4 c6 2. d4 d5 3. exd5 cxd5 4. Bd3 Nf6 5. h3 g6 6. Nf3 Bf5 7. Ne5 Bxd3 8. Nxd3 Nc6 9. c3 Bg7 10. O-O O-O 11. Bf4 Re8 12. Re1 Nd7 13. Nd2 e5 14. dxe5 Ndxe5 15. Bxe5 Nxe5 16. Nxe5 Rxe5 17. Rxe5 Bxe5 18. Nf3 Bf6 19. Qb3 Qd7 20. Rd1 Rd8 21. a4 a6 22. Nd4 Qe7 23. Nf3 d4 24. cxd4 Bxd4 25. Nxd4 Rxd4 26. Rxd4 Qe1+ 27. Kh2 Qe5+ 28. Kg1 Qe1+ 29. Kh2 Qe5+ 30. Kg1 1/2-1/2

[Event "15th Governor Cup 2019"]
[Site "Khanty-Mansiysk"]
[Date "2019.11.23"]
[Round "7.8"]
[White "Bocharov, Ivan"]
[Black "Afanasiev, Nikita"]
[Result "1/2-1/2"]
[ECO "C45"]
[WhiteElo "2571"]
[BlackElo "2508"]
[Annotator "ChessBase"]
[PlyCount "81"]
[EventDate "2019.11.19"]
[EventType "swiss"]
[EventCountry "RUS"]
[SourceTitle "playchess.com"]
[Source "ChessBase"]
[SourceQuality "1"]
[TimeControl "5400+30"]

1. e4 e5 2. Nf3 Nc6 3. d4 exd4 4. Nxd4 Bc5 5. Nb3 Bb6 6. Nc3 Nf6 7. Bg5 h6 8. Bh4 d6 9. Bd3 Be6 10. Nd5 Bxd5 11. exd5 Qe7+ 12. Kf1 Ne5 13. Qd2 g5 14. Bg3 Nxd3 15. Qxd3 O-O-O 16. a4 a5 17. Re1 Qd7 18. Qf3 Ng4 19. h3 h5 20. Nd2 Ne5 21. Bxe5 dxe5 22. Nc4 Qxd5 23. Qxd5 Rxd5 24. Rxe5 Rxe5 25. Nxe5 Re8 26. Nc4 Bc5 27. g4 Re4 28. b3 Rf4 29. Rh2 b6 30. gxh5 Rh4 31. Kg2 Rxh5 32. Rh1 Rh4 33. Re1 g4 34. hxg4 Rxg4+ 35. Kf3 Rg6 36. Re2 Rf6+ 37. Kg2 Rg6+ 38. Kf3 Rf6+ 39. Kg2 Rg6+ 40. Kf3 Rf6+ 41. Kg2 1/2-1/2

[Event "15th Governor Cup 2019"]
[Site "Khanty-Mansiysk"]
[Date "2019.11.23"]
[Round "7.9"]
[White "Iljiushenok, Ilia"]
[Black "Pogosyan, Stefan"]
[Result "0-1"]
[ECO "C45"]
[WhiteElo "2532"]
[BlackElo "2455"]
[Annotator "ChessBase"]
[PlyCount "123"]
[EventDate "2019.11.19"]
[EventType "swiss"]
[EventCountry "RUS"]
[SourceTitle "playchess.com"]
[Source "ChessBase"]
[SourceQuality "1"]
[TimeControl "5400+30"]

1. e4 e5 2. Nf3 Nc6 3. d4 exd4 4. Nxd4 Bc5 5. Nb3 Bb6 6. Qe2 Nge7 7. Nc3 O-O 8. Be3 d6 9. O-O-O f5 10. f4 fxe4 11. g3 Bxe3+ 12. Qxe3 Nf5 13. Qxe4 Re8 14. Qf3 Ne3 15. Rd2 Bg4 16. Qf2 Nxf1 17. Rxf1 Qf6 18. Kb1 Re6 19. Qg2 Qf5 20. Rd5 Bh3 21. Qd2 Qf7 22. Rg1 Rae8 23. Nd4 Nxd4 24. Rxd4 Qe7 25. b3 c6 26. Kb2 d5 27. g4 Re3 28. Rd3 Rxd3 29. Qxd3 Qe3 30. Rg3 Qxd3 31. cxd3 Bf1 32. Kc2 Kf7 33. Kd2 g6 34. h4 Re7 35. b4 b6 36. a4 h6 37. b5 d4 38. Ne4 c5 39. Rg1 Bh3 40. f5 gxf5 41. Nd6+ Kf8 42. Nxf5 Rf7 43. Rg3 h5 44. Nh6 Rf2+ 45. Ke1 Rf1+ 46. Ke2 Rh1 47. gxh5 Be6 48. Rg6 Ke7 49. Ng8+ Kd6 50. Nf6 Rxh4 51. Ne4+ Ke5 52. Ng3 Bf5 53. Rg5 Kf4 54. Rxf5+ Kxg3 55. a5 bxa5 56. Rf7 Rxh5 57. Rxa7 Rh2+ 58. Kd1 Kf3 59. Rxa5 Ke3 60. b6 Kxd3 61. Kc1 c4 62. Rc5 0-1

[Event "15th Governor Cup 2019"]
[Site "Khanty-Mansiysk"]
[Date "2019.11.23"]
[Round "7.10"]
[White "Bilguun, Sumiya"]
[Black "Remizov, Yaroslav"]
[Result "1-0"]
[ECO "B50"]
[WhiteElo "2496"]
[BlackElo "2394"]
[Annotator "ChessBase"]
[PlyCount "67"]
[EventDate "2019.11.19"]
[EventType "swiss"]
[EventCountry "RUS"]
[SourceTitle "playchess.com"]
[Source "ChessBase"]
[SourceQuality "1"]
[TimeControl "5400+30"]

1. e4 c5 2. Nf3 d6 3. c3 Nf6 4. Bd3 g6 5. h3 Bg7 6. Bc2 O-O 7. d4 b6 8. O-O Bb7 9. Re1 Nc6 10. Nbd2 cxd4 11. cxd4 Rc8 12. a3 Nd7 13. Nb3 e5 14. Bg5 Qe8 15. d5 Ne7 16. Nbd2 f5 17. exf5 gxf5 18. Nd4 Rxc2 19. Qxc2 Nxd5 20. Nxf5 Qf7 21. g4 Qg6 22. Nh6+ Kh8 23. Qxg6 hxg6 24. Ne4 Rf3 25. Nf7+ Rxf7 26. Nxd6 Rf3 27. Nxb7 Rxh3 28. Rad1 N5f6 29. Kg2 Rh7 30. Rd6 Kg8 31. Nd8 Bh8 32. Nc6 Nxg4 33. Ne7+ Rxe7 34. Bxe7 1-0

[Event "15th Governor Cup 2019"]
[Site "Khanty-Mansiysk"]
[Date "2019.11.23"]
[Round "7.11"]
[White "Chekletsov, Ilya"]
[Black "Belyakov, Bogdan"]
[Result "0-1"]
[ECO "D20"]
[WhiteElo "2386"]
[BlackElo "2495"]
[Annotator "ChessBase"]
[PlyCount "116"]
[EventDate "2019.11.19"]
[EventType "swiss"]
[EventCountry "RUS"]
[SourceTitle "playchess.com"]
[Source "ChessBase"]
[SourceQuality "1"]
[TimeControl "5400+30"]

1. d4 d5 2. c4 dxc4 3. e4 b5 4. a4 Bb7 5. f3 a6 6. axb5 axb5 7. Rxa8 Bxa8 8. b3 e5 9. dxe5 Qxd1+ 10. Kxd1 Nd7 11. bxc4 b4 12. Bb2 Ne7 13. h4 Ng6 14. e6 fxe6 15. h5 Nge5 16. Nd2 h6 17. Nh3 Kf7 18. Be2 Be7 19. Rf1 Rd8 20. Kc2 Nc6 21. Nb3 Nc5 22. Ra1 Bb7 23. Nxc5 Bxc5 24. Nf4 Nd4+ 25. Bxd4 Bxd4 26. Ra4 c5 27. Ra7 Rd7 28. Nd3 e5 29. Bd1 Ke7 30. Kd2 Bc8 31. Ra5 Rc7 32. Ke2 Kf6 33. g4 Kg5 34. Bb3 Kh4 35. Ra8 Kg3 36. Ne1 Be6 37. Ra6 Re7 38. Nc2 Bf2 39. Rc6 Bd7 40. Rd6 Rf7 41. Rd3 Kg2 42. Na1 Bd4 43. Nc2 Be6 44. Ne1+ Kg3 45. Nc2 Ra7 46. Rd1 Kf4 47. Rd2 Bf7 48. Rd1 Be8 49. Rd2 g6 50. hxg6 Bxg6 51. Rd1 h5 52. Rh1 Rh7 53. gxh5 Rxh5 54. Rf1 Rh2+ 55. Kd1 Bc3 56. Ne1 Bxe1 57. Kxe1 Rb2 58. Bd1 Bf7 0-1

[Event "15th Governor Cup 2019"]
[Site "Khanty-Mansiysk"]
[Date "2019.11.23"]
[Round "7.12"]
[White "Potapov, Pavel"]
[Black "Obgolts, Erik"]
[Result "1-0"]
[ECO "B06"]
[WhiteElo "2489"]
[BlackElo "2371"]
[Annotator "ChessBase"]
[PlyCount "81"]
[EventDate "2019.11.19"]
[EventType "swiss"]
[EventCountry "RUS"]
[SourceTitle "playchess.com"]
[Source "ChessBase"]
[SourceQuality "1"]
[TimeControl "5400+30"]

1. e4 g6 2. d4 Bg7 3. Nc3 c6 4. f4 d5 5. e5 Nh6 6. Nf3 f6 7. Be3 O-O 8. Qd2 Bg4 9. Be2 Nd7 10. O-O-O Nf5 11. Kb1 Nxe3 12. Qxe3 e6 13. Rhe1 Bxf3 14. Bxf3 fxe5 15. dxe5 Qe7 16. g3 Nb6 17. Be2 g5 18. Bd3 c5 19. Nb5 c4 20. Be2 gxf4 21. gxf4 Qb4 22. Nc3 Qe7 23. Rg1 Kh8 24. Rg4 Bh6 25. Rf1 d4 26. Qxd4 Rad8 27. Qe3 Nd5 28. Nxd5 Rxd5 29. Qh3 Rd2 30. Qxh6 Rxe2 31. Rfg1 Rd2 32. Rg7 Rd1+ 33. Rxd1 Qxg7 34. Qxe6 Rxf4 35. Rd8+ Rf8 36. Rxf8+ Qxf8 37. Qxc4 Qf3 38. a3 Qh1+ 39. Ka2 Qxh2 40. e6 Kg7 41. Qd4+ 1-0

[Event "15th Governor Cup 2019"]
[Site "Khanty-Mansiysk"]
[Date "2019.11.23"]
[Round "7.13"]
[White "Zakaryan, David"]
[Black "Nesterov, Arseniy"]
[Result "1/2-1/2"]
[ECO "A06"]
[WhiteElo "2338"]
[BlackElo "2489"]
[Annotator "ChessBase"]
[PlyCount "118"]
[EventDate "2019.11.19"]
[EventType "swiss"]
[EventCountry "RUS"]
[SourceTitle "playchess.com"]
[Source "ChessBase"]
[SourceQuality "1"]
[TimeControl "5400+30"]

1. Nf3 d5 2. g3 Nf6 3. Bg2 Bf5 4. O-O e6 5. c4 c6 6. cxd5 cxd5 7. Qb3 Qb6 8. Nc3 Nc6 9. Qxb6 axb6 10. d3 Bc5 11. Bg5 h6 12. Bxf6 gxf6 13. e4 dxe4 14. dxe4 Bh7 15. Rfd1 Ke7 16. Rd2 Rhd8 17. Rad1 Rxd2 18. Rxd2 b5 19. a3 b4 20. axb4 Bxb4 21. Ne1 Ne5 22. Kf1 Rc8 23. Rc2 Rd8 24. Ke2 f5 25. exf5 Bxf5 26. Rd2 Bg4+ 27. f3 Rxd2+ 28. Kxd2 Bf5 29. f4 Nc4+ 30. Kc1 b6 31. Bf3 Bc5 32. Ng2 Bd4 33. Be2 Ne3 34. Nh4 Bh7 35. Kd2 Nf5 36. Nxf5+ Bxf5 37. g4 Bg6 38. Bd3 f5 39. b4 Bg1 40. h3 Kf6 41. Ne2 Bf2 42. Nc3 Bg3 43. Ne2 Bf2 44. Nc3 Bf7 45. Bc4 Be8 46. Bb5 Bxb5 47. Nxb5 Bg3 48. Ke3 fxg4 49. hxg4 Be1 50. Nd4 Bxb4 51. g5+ hxg5 52. fxg5+ Kxg5 53. Nxe6+ Kf6 54. Nc7 Ke5 55. Na8 b5 56. Nc7 Bc5+ 57. Kd3 b4 58. Na6 Bd6 59. Nxb4 Bxb4 {[%emt 0:00:03] Ke4+} 1/2-1/2

[Event "15th Governor Cup 2019"]
[Site "Khanty-Mansiysk"]
[Date "2019.11.23"]
[Round "7.14"]
[White "Maltsevskaya, Aleksandra"]
[Black "Najdin, Danil"]
[Result "0-1"]
[ECO "D30"]
[WhiteElo "2332"]
[BlackElo "2357"]
[Annotator "NA"]
[PlyCount "66"]
[EventDate "2019.11.19"]
[EventType "swiss"]
[EventCountry "RUS"]
[SourceTitle "playchess.com"]
[Source "ChessBase"]
[SourceQuality "1"]
[TimeControl "5400+30"]

1. d4 d5 2. c4 e6 3. Nf3 c6 4. Qb3 Nd7 5. g3 Bd6 6. Bg2 f5 7. Nc3 Nh6 8. Ng5 Nf6 9. O-O O-O 10. f3 f4 11. gxf4 Nf5 12. e3 Nh5 13. cxd5 cxd5 14. Bd2 Kh8 15. Nb5 Be7 16. Nh3 a6 17. Nc3 Bd6 18. Rad1 b5 19. Ne2 a5 20. e4 Nh4 21. e5 Be7 22. Ng3 Qe8 23. Qe3 b4 24. Qf2 Ba6 25. Rfe1 Qg6 26. Kh1 Rac8 27. Rc1 Nf5 28. Nxf5 Qxf5 29. Bf1 Bxf1 30. Qxf1 Rc2 31. Qg2 Rxd2 32. Qxd2 Qxh3 33. Rc7 Nxf4 0-1

[Event "15th Governor Cup 2019"]
[Site "Khanty-Mansiysk"]
[Date "2019.11.23"]
[Round "7.15"]
[White "Mochalin, Faddey"]
[Black "Chinguun, Sumiya"]
[Result "1-0"]
[ECO "E91"]
[WhiteElo "2188"]
[BlackElo "2307"]
[Annotator "NA"]
[PlyCount "119"]
[EventDate "2019.11.19"]
[EventType "swiss"]
[EventCountry "RUS"]
[SourceTitle "playchess.com"]
[Source "ChessBase"]
[SourceQuality "1"]
[TimeControl "5400+30"]

1. d4 Nf6 2. c4 g6 3. Nc3 Bg7 4. e4 d6 5. Nf3 O-O 6. Be2 Nbd7 7. O-O e5 8. Be3 Qe7 9. Qc2 c6 10. Rfe1 exd4 11. Bxd4 Ne5 12. Rad1 Bg4 13. Nd2 Bxe2 14. Rxe2 Nh5 15. g3 Qg5 16. Be3 Qg4 17. Kg2 Qe6 18. f4 Nd7 19. f5 Qe7 20. g4 Bxc3 21. Qxc3 Nhf6 22. Bg5 Ne5 23. h3 Rfe8 24. Rf1 h6 25. Bxh6 Nh7 26. Nf3 g5 27. Nxe5 Qxe5 28. Rd1 Rad8 29. Qxe5 Rxe5 30. Red2 Rxe4 31. Rxd6 Rde8 32. Rd8 b6 33. Rxe8+ Rxe8 34. Rd7 Nf6 35. Rd6 Ne4 36. Rxc6 Kh7 37. h4 gxh4 38. Kh3 Nf2+ 39. Kxh4 Re4 40. Bg5 Nxg4 41. Kh3 Ne5 42. Rc7 Rxc4 43. Rxa7 Kg7 44. Bd2 Nf3 45. Bc3+ Kh6 46. Rb7 Ng5+ 47. Kg2 Rg4+ 48. Kf1 Rf4+ 49. Ke2 Rxf5 50. Rxb6+ Kh5 51. a4 Rf4 52. a5 Re4+ 53. Kd3 f5 54. Rb5 Kg4 55. a6 Re6 56. a7 Ra6 57. Ra5 Rxa7 58. Rxa7 f4 59. Rg7 f3 60. Bd2 1-0

[Event "15th Governor Cup 2019"]
[Site "Khanty-Mansiysk"]
[Date "2019.11.23"]
[Round "7.16"]
[White "Safin, Robert"]
[Black "Yakimova, Mariya"]
[Result "0-1"]
[ECO "A58"]
[WhiteElo "2182"]
[BlackElo "2276"]
[Annotator "NA"]
[PlyCount "118"]
[EventDate "2019.11.19"]
[EventType "swiss"]
[EventCountry "RUS"]
[SourceTitle "playchess.com"]
[Source "ChessBase"]
[SourceQuality "1"]
[TimeControl "5400+30"]

1. d4 Nf6 2. c4 c5 3. d5 b5 4. cxb5 a6 5. bxa6 e6 6. Nc3 exd5 7. Nxd5 Be7 8. Nxe7 Qxe7 9. e3 O-O 10. Nf3 Nxa6 11. Bd2 Bb7 12. Be2 Nc7 13. O-O Ne6 14. Bc3 Ne4 15. a4 d5 16. a5 Rfd8 17. a6 Bc6 18. Ne5 Be8 19. Ba5 Rd6 20. Qc2 f6 21. Nc4 Rdxa6 22. Nb6 Rxa5 23. Nxa8 Qa7 24. Rxa5 Qxa5 25. b4 Qxa8 26. f3 N4g5 27. h4 Nf7 28. bxc5 Qa3 29. Bd3 Ba4 30. Bxh7+ Kh8 31. Qd3 Qxc5 32. Ra1 Ne5 33. Qb1 Qxe3+ 34. Kh1 Qf4 35. Bf5 Qxh4+ 36. Kg1 Qd4+ 37. Kh2 Nd8 38. Kg3 g6 39. Bh3 Ndf7 40. Qc1 Nd3 41. Qd2 Qxa1 42. Qxd3 Qe5+ 43. Kf2 Kg7 44. Qa6 Be8 45. Be6 d4 46. Bc4 Nd6 47. Bd3 Bf7 48. g4 Qd5 49. Kg3 Nc4 50. Qa2 Qd6+ 51. f4 Ne5 52. Qa6 Qxa6 53. Bxa6 Bc4 54. Bb7 Nd3 55. g5 f5 56. Kf3 Kf7 57. Bc6 Ke7 58. Ba4 Bd5+ 59. Kg3 Nb2 0-1

[Event "15th Governor Cup 2019"]
[Site "Khanty-Mansiysk"]
[Date "2019.11.23"]
[Round "7.17"]
[White "Mukhina, Jana"]
[Black "Lysenko, Margarita"]
[Result "0-1"]
[ECO "E10"]
[WhiteElo "2105"]
[BlackElo "2243"]
[Annotator "NA"]
[PlyCount "130"]
[EventDate "2019.11.19"]
[EventType "swiss"]
[EventCountry "RUS"]
[SourceTitle "playchess.com"]
[Source "ChessBase"]
[SourceQuality "1"]
[TimeControl "5400+30"]

1. d4 Nf6 2. c4 e6 3. Nf3 c5 4. Nc3 cxd4 5. Nxd4 d5 6. cxd5 Nxd5 7. Ndb5 Bd7 8. e4 Nxc3 9. Nxc3 Bc5 10. Be2 O-O 11. O-O Nc6 12. Bb5 a6 13. Bxc6 Bxc6 14. Qe2 Qf6 15. Be3 Be7 16. Qg4 Rfd8 17. Rfd1 Qg6 18. Qxg6 hxg6 19. Bb6 Rxd1+ 20. Rxd1 Rc8 21. f3 g5 22. Kf2 f6 23. a4 Kf7 24. b3 Be8 25. Ne2 Rc6 26. Be3 Rc2 27. Rd2 Rc8 28. Nd4 Rc3 29. Rc2 Rxc2+ 30. Nxc2 Bd7 31. Bb6 e5 32. Ne3 Be6 33. Nc4 g4 34. Ke3 gxf3 35. gxf3 Bb4 36. Kd3 Ke7 37. Na5 Bc8 38. Kc4 Bd2 39. Bc5+ Kf7 40. b4 Bd7 41. Nb3 Bf4 42. b5 axb5+ 43. axb5 Be6+ 44. Kc3 Bxh2 45. Na5 Bc8 46. Nc4 Ke6 47. Nd6 Bd7 48. Nxb7 Bxb5 49. Kd2 Bf4+ 50. Ke1 Bg3+ 51. Kd2 g6 52. Na5 f5 53. Nb3 fxe4 54. fxe4 g5 55. Bg1 Bc4 56. Nc5+ Kf6 57. Nd7+ Kg6 58. Bb6 Bb5 59. Nc5 Kh5 60. Ne6 g4 61. Ke3 Kh4 62. Bd8+ Kh3 63. Bf6 Kg2 64. Bg5 Bf2+ 65. Kd2 Kf3 0-1